 Dungeon Crawl Stone Soup version 0.18-a0-900-gbbf5c82 (webtiles) character file.

99 filipzpl the Ruffian (level 4, 0/30 HPs)
             Began as a Gargoyle Monk on Dec 24, 2015.
             Killed from afar by an orc wizard (3 damage)
             ... with a puff of flame
             ... on level 3 of the Dungeon.
             The game lasted 00:06:23 (2200 turns).

filipzpl the Ruffian (Gargoyle Monk)                Turns: 2200, Time: 00:06:24

Health: 0/30       AC: 11    Str: 16    XL:     4   Next: 72%
Magic:  4/4        EV:  7    Int: 10    God:
Gold:   118        SH:  0    Dex: 12    Spells: 0 memorised, 3 levels left

rFire  . . .     SeeInvis .       - Unarmed
rCold  . . .     Gourm    .     c - +0 chain mail
rNeg   + . .     Faith    .     (no shield)
rPois  ∞         Spirit   .     (no helmet)
rElec  +         Dismiss  .     (no cloak)
rCorr  .         Reflect  .     (no gloves)
SustAt .         Harm     .     (no boots)
MR     .....                    (no amulet)
Stlth  ..........               (no ring)
                                (no ring)

@: not resistant to hostile enchantments, extremely unstealthy
A: negative energy resistance 1, electricity resistance, unbreathing,
petrification resistance, rot immunity, AC +3
a: no special abilities


You were on level 3 of the Dungeon.
You were not hungry.

You visited 1 branch of the dungeon, and saw 3 of its levels.

You collected 118 gold pieces.

Inventory:

Armour
 c - a +0 chain mail (worn)
 n - a +0 cloak
Jewellery
 i - an uncursed ring of magical power {unknown}
Wands
 a - a wand of flame (26/48)
Scrolls
 d - a scroll of enchant armour {unknown}
 e - 3 scrolls of identify {unknown}
 g - a scroll of random uselessness {unknown}
 j - a scroll of magic mapping {unknown}
 m - a scroll of noise {unknown}
 q - a scroll of amnesia {unknown}
 s - a scroll of immolation {unknown}
Potions
 h - a potion of heal wounds {unknown}
 k - a potion of brilliance {unknown}
 p - a potion of flight {unknown}
 r - a potion of agility {unknown}
Comestibles
 b - a bread ration
 f - a meat ration
 l - a slice of pizza
 o - 3 fruits
 t - a royal jelly


   Skills:
 * Level 4.5 Fighting
 + Level 2.9 Dodging
 - Level 2.1 Stealth
 * Level 4.7 Unarmed Combat


You had 3 spell levels left.
You didn't know any spells.

Dungeon Overview and Level Annotations

Branches:
Dungeon (3/15)

Altars:
Nemelex Xobeh
Qazlal


Innate Abilities, Weirdness & Mutations

You are resistant to torment.
Your stone body is resilient (AC +3).
You are immune to poison.
You resist negative energy.
You are resistant to electric shocks.
You can survive without breathing.
You are immune to petrification.
You are immune to rotting.


Message History

You miss something.
You hear some strange, mumbled words.
A puff of flame appears from out of thin air!
The puff of flame hits you!
* * * LOW HITPOINT WARNING * * *
The orc hits you with a whip.
* * * LOW HITPOINT WARNING * * *
You hear some strange, mumbled words.
A puff of flame appears from out of thin air!
The puff of flame hits you! Something hits you but does no damage.
The orc barely misses you. Something hits you but does no damage.
An orc wizard appears from thin air!
Reactivating autopickup.
Something hits you but does no damage.
Deactivating autopickup; reactivate with Ctrl-A.
The orc hits you but does no damage.
You hear some strange, mumbled words.
A puff of flame appears from out of thin air!
The puff of flame hits you!
You die...

#.# #.#..#.#..# #..####
..# #.#.##.##.# #..####
.## ##.#.......# #..##..
#........#.# #..##..
#...###....# #..##..
#.....'....# #..##..
###.#.##....####..##..
#.....###'#.......##..
#....@# #.#.......##..
#...o.# #.#.......####
#...o.# #.#.......####
#....o# #.#..###......
###(#)# #.#..####.####
..###.#.###.#...........
......?...#.##..###.####
..##...†..# ............
...'......# ###.###.#...


You could see an orc wizard and 2 orcs.

Vanquished Creatures
  The ghost of filipzpl the Skirmisher, a weakling GrBe of Trog (D:3)
  An adder (D:3)
  An ooze (D:1)
  An orc (D:3)
  3 giant cockroaches
  4 goblins
  9 hobgoblins
  3 jackals (D:2)
  A quokka (D:2)
  A ball python (D:2)
  3 bats
  4 giant newts
  7 kobolds
  5 rats
44 creatures vanquished.

Vanquished Creatures (others)
  A giant newt (D:1)
1 creature vanquished.

Grand Total: 45 creatures vanquished

Notes
Turn   | Place    | Note
--------------------------------------------------------------
     0 | D:1      | filipzpl the Gargoyle Monk began the quest for the Orb.
     0 | D:1      | Reached XP level 1. HP: 14/14 MP: 1/1
   203 | D:1      | Found a sparkling altar of Nemelex Xobeh.
   254 | D:1      | Reached XP level 2. HP: 19/19 MP: 2/2
   763 | D:1      | Reached XP level 3. HP: 22/24 MP: 3/3
  1431 | D:2      | Found a stormy altar of Qazlal.
  1844 | D:3      | Reached XP level 4. HP: 29/29 MP: 4/4
  1980 | D:3      | Noticed filipzpl's ghost (weakling GrBe)
  1998 | D:3      | Killed filipzpl's ghost
  2200 | D:3      | Killed from afar by an orc wizard

Vault maps used:
D:1:      lordsloth_arrival_two_stooges, kennysheep_flooded_box,
          amethyst_killhole, nemelex_altar_shiori
D:2:      grunt_qazlal_clouds
D:3:      first_bread, uniq_natasha

Action                   |  1- 3 |  4- 6 || total
-------------------------+-------+-------++-------
Melee: Unarmed           |   154 |    61 ||   215
  Eat: Meat ration       |     1 |       ||     1
